 Dungeon Crawl Stone Soup version 0.28-a0-1382-g92835e5c71 (webtiles) character file.

Game seed: 3228168414840865363

1884 Gildeon the Cleaver (level 8, -9/65 (68) HPs)
             Began as a Minotaur Fighter on Jan 1, 2022.
             Was a Believer of Nemelex Xobeh.
             Killed from afar by an orc sorcerer (20 damage)
             ... with a bolt of negative energy
             ... on level 7 of the Dungeon.
             The game lasted 00:19:54 (6470 turns).

Gildeon the Cleaver (Minotaur Fighter)              Turns: 6470, Time: 00:19:55

HP:   -9/65 (68)    AC:  9    Str: 23    XL:     8   Next: 92%
MP:   8/8           EV:  9    Int:  5    God:    Nemelex Xobeh [**....]
Gold: 117           SH:  5    Dex: 10    Spells: 7/7 levels left

rFire   . . .      SeeInvis .   a - +0 war axe
rCold   . . .      Faith    .   c - +0 buckler
rNeg    . . .      Spirit   .   h - +0 chain mail
rPois   +          Reflect  .   (helmet restricted)
rElec   .          Harm     .   (no cloak)
rCorr   .          Rampage  .   (no gloves)
Will    +....                   (no boots)
Stlth   ..........              (no amulet)
HPRegen 0.20/turn               s - ring of willpower
MPRegen 0.11/turn               x - ring of poison resistance

@: mighty, lightly drained
A: horns 2, retaliatory headbutt
a: Renounce Religion, Draw Escape, Draw Destruction, Draw Summoning


You were on level 7 of the Dungeon.
You worshipped Nemelex Xobeh.
Nemelex Xobeh was pleased with you.
You visited 2 branches of the dungeon, and saw 8 of its levels.
You also visited: Sewer.

You collected 369 gold pieces.
You spent 252 gold pieces at shops.

Inventory:

Hand Weapons
 a - a +0 war axe (weapon)
 y - a +0 flail
Armour
 c - a +0 buckler (worn)
 h - a +0 chain mail (worn)
Jewellery
 s - a ring of willpower (left hand)
 x - a ring of poison resistance (right hand)
 B - a ring of magical power
Wands
 w - a wand of charming (10)
 z - a wand of digging (6)
Scrolls
 e - 2 scrolls of identify {unknown}
 f - a scroll of noise {unknown}
 g - a scroll of amnesia {unknown}
 i - 2 scrolls of blinking
 k - a scroll of brand weapon {unknown}
 m - a scroll of teleportation {unknown}
 o - 3 scrolls of fog
 p - a scroll of summoning {unknown}
 q - a scroll of acquirement {unknown}
 r - a scroll of enchant weapon {unknown}
 A - a scroll of fear {unknown}
 C - a scroll of torment {unknown}
Potions
 b - 2 potions of magic {unknown}
 d - 2 potions of might
 j - 4 potions of curing
 l - 2 potions of mutation {unknown}
 n - 4 potions of haste {unknown}
 t - 2 potions of heal wounds
 u - a potion of flight
 v - a potion of experience {unknown}


   Skills:
 - Level 5.0 Fighting
 * Level 11.2 Axes
 - Level 5.0 Armour
 + Level 4.3 Dodging
 - Level 5.0 Shields
 + Level 2.2 Invocations


You had 7 spell levels left.
You didn't know any spells.
Your spell library contained the following spells:

 Spells                   Type           Power      Damage    Failure   Level
 Ignite Poison            Fire/Tmut/Pois 0%         N/A       100%        3
 Mephitic Cloud           Conj/Pois/Air  0%         N/A       100%        3
 Leda's Liquefaction      Hex/Erth       0%         N/A       100%        4
 Freezing Cloud           Conj/Ice/Air   0%         6-21      100%        5
 Lee's Rapid Deconstruct  Erth           0%         3d5*      100%        5
 Statue Form              Tmut/Erth      0%         N/A       100%        6


Dungeon Overview and Level Annotations

Branches:
Dungeon (7/15)             Temple (1/1) D:7           Sewer (visited)

Altars:
Ashenzari
Cheibriados
Elyvilon
Fedhas
Gozag
Hepliaklqana
Kikubaaqudgha
Makhleb
Nemelex Xobeh
Ru
Trog
Vehumet
Wu Jian
Xom
Yredelemnul
Zin
The Shining One

Shops:
D:2 !   D:4 :

Portals:
Abyss: D:6

Annotations:
D:6 2 transporters, p0werm0de's ghost, novice MiCK


Innate Abilities, Weirdness & Mutations

You have a pair of horns on your head.
You reflexively headbutt those who attack you in melee.


Message History

You kill the howler monkey!
Your Invocations skill increases to level 2!
An orc sorcerer comes into view. It is wielding a +0 dagger.
An orc comes into view. It is wielding a +0 hand axe.
The orc shouts!
You hear an angry hiss.
Okay, then.
You feel very mighty all of a sudden. The orc sorcerer casts a spell at you.
You easily resist.
The orc sorcerer gestures at you while chanting.
The bolt of fire hits you!!!
Ouch! That really hurt!
The orc sorcerer hits you with a +0 dagger.
Your chain mail prevents you from hitting the orc sorcerer.
Your headbutt misses the orc sorcerer. You slash the orc!
You kill the orc!
The orc sorcerer shouts, "You are history!"
The orc sorcerer points at you and mumbles some strange words.
You easily resist.
You miss the orc sorcerer.
The orc sorcerer gestures at you while chanting.
You suddenly lose the ability to move!
The orc sorcerer hits you but does no damage.
The orc sorcerer hits you with a +0 dagger.
You can move again.
You slash the orc sorcerer! You headbutt the orc sorcerer!
The orc sorcerer is severely wounded.
The orc sorcerer points at you and mumbles some strange words.
The bolt of fire hits you!
* * * LOW HITPOINT WARNING * * *
You barely miss the orc sorcerer. You headbutt the orc sorcerer.
The orc sorcerer is severely wounded.
The orc sorcerer hits you with a +0 dagger.
* * * LOW HITPOINT WARNING * * *
You barely miss the orc sorcerer.
The orc sorcerer is severely wounded.
The orc sorcerer casts a spell at you. The bolt of negative energy hits you!!
You feel drained.
You die...
Your body disappears without a glow.

..# #... ..# #... #.# #...
##### #.# #... #...###.#
#... #. #.#.##..## #... #.
#.#.#....# ##... ##..
#........### ##.... #8?..
#..@)......# ##.....
#...##.o##....#.###..#.#.
##.............#.....#..#.
......†.##.........#......
....#...##.####...........
≈≈≈...†....#####..........
##≈≈....................##
##≈..#=..................
#o..#................###


You could see an orc sorcerer.

Vanquished Creatures
  A centaur zombie (D:6)
  A black bear (D:4)
  A sky beast (D:6)
  An ogre (D:6)
  5 kobold brigands (Sewer)
  Blork the orc (D:5)
  A bullfrog (D:6)
  A scorpion (D:6)
  A wyvern zombie (D:6)
  A water moccasin zombie (D:5)
  5 howler monkeys
  An electric eel (D:6)
  A jelly (D:6)
  2 bullfrog skeletons (D:5)
  2 orc priests (D:7)
  An iguana (D:4)
  A howler monkey skeleton (D:7)
  8 adders
  A gnoll (D:1)
  2 river rats
  An ufetubus (D:5)
  An adder zombie (D:4)
  4 worms
  2 dart slugs (D:2)
  20 orcs
  10 ball pythons
  5 bats
  2 endoplasms
  10 giant cockroaches
  5 goblins
  8 hobgoblins
  8 jackals
  12 kobolds
  2 quokkas (D:1)
  2 frilled lizards (D:3)
  8 rats
138 creatures vanquished.

Vanquished Creatures (others)
  An orc (D:6)
1 creature vanquished.

Grand Total: 139 creatures vanquished

Notes
Turn   | Place    | Note
-------+----------+-------------------------------------------
     0 | D:1      | Gildeon the Minotaur Fighter began the quest for the Orb.
     0 | D:1      | Reached XP level 1. HP: 19/19 MP: 0/0
   168 | D:1      | Reached skill level 3 in Axes
   212 | D:1      | Reached XP level 2. HP: 26/26 MP: 1/1
   272 | D:1      | Reached skill level 4 in Axes
   280 | D:1      | Reached XP level 3. HP: 17/31 MP: 2/2
   996 | D:2      | Found Ankirir's Distillery.
  1005 | D:2      | Bought a potion of curing for 36 gold pieces
  1061 | D:2      | Reached skill level 5 in Axes
  1564 | D:3      | Reached XP level 4. HP: 39/39 MP: 3/3
  1570 | D:3      | Found a shimmering altar of Xom.
  1765 | D:3      | Found a faded altar of an unknown god.
  1843 | D:3      | Prayed at the altar of an unknown god.
  1843 | D:3      | Became a worshipper of Nemelex Xobeh the Trickster
  1843 | D:3      | Reached * piety under Nemelex Xobeh
  1843 | D:3      | Received a gift from Nemelex Xobeh
  2115 | D:4      | Found a glowing drain.
  2129 | Sewer    | Entered a sewer
  2153 | Sewer    | Noticed a kobold brigand
  2173 | Sewer    | Killed a kobold brigand
  2174 | Sewer    | Reached skill level 6 in Axes
  2174 | Sewer    | Reached XP level 5. HP: 43/45 MP: 4/4
  2223 | Sewer    | Reached skill level 7 in Axes
  2416 | Sewer    | Reached XP level 6. HP: 29/52 MP: 5/5
  2915 | Sewer    | Reached skill level 8 in Axes
  3115 | Sewer    | Reached XP level 7. HP: 59/60 MP: 6/6
  3272 | D:4      | Found a blossoming altar of Fedhas.
  3389 | D:4      | Found Birrushra's Book Emporium.
  3474 | D:2      | Bought a potion of degeneration for 12 gold pieces
  3474 | D:2      | Bought a potion of flight for 36 gold pieces
  3607 | D:4      | Reached skill level 5 in Fighting
  3607 | D:4      | Reached skill level 5 in Armour
  3796 | D:4      | Found an ornate altar of the Wu Jian Council.
  3946 | D:4      | Reached ** piety under Nemelex Xobeh
  4210 | D:2      | Bought a potion of heal wounds for 60 gold pieces
  4210 | D:2      | Bought a potion of curing for 36 gold pieces
  4274 | D:5      | Entered Level 5 of the Dungeon
  4287 | D:5      | Reached skill level 1 in Dodging
  4339 | D:5      | Reached skill level 9 in Axes
  4447 | D:5      | Noticed Blork the orc
  4463 | D:5      | Killed Blork the orc
  4787 | D:6      | Reached XP level 8. HP: 66/68 MP: 7/7
  5013 | D:6      | Found a transporter.
  5014 | D:6      | Found a transporter.
  5069 | D:6      | Reached skill level 10 in Axes
  5069 | D:6      | Reached skill level 5 in Shields
  5072 | D:6      | Found a one-way gate to the infinite horrors of the Abyss.
  5072 | D:6      | Noticed p0werm0de's ghost (novice MiCK)
  5402 | D:6      | Reached skill level 1 in Invocations
  5911 | D:2      | Bought a potion of curing for 36 gold pieces
  5911 | D:2      | Bought a potion of curing for 36 gold pieces
  6146 | D:7      | Reached skill level 11 in Axes
  6220 | D:7      | Found a staircase to the Ecumenical Temple.
  6247 | Temple   | Entered the Ecumenical Temple
  6369 | D:7      | Found an opulent altar of Gozag.
  6450 | D:7      | Noticed an orc sorcerer
  6465 | D:7      | Paralysed by an orc sorcerer for 2 turns
  6470 | D:7      | Killed from afar by an orc sorcerer

Illustrated notes

Levels and vault maps discovered:
D:1:      evilmike_arrival_rings, layout_loops_ring, grunt_decor_mini_mirrors
D:2:      layout_rooms, serial_shops, shop, serial_corexii_hall,
          corexii_hall_statues_deadend, chequers_hall_statues_corner_a,
          chequers_hall_statues_wall_a, corexii_hall_statues_l
D:3:      layout_basic, marbit_many_paths, chequers_ecumenical_altar_island,
          minmay_statues_item
D:4:      layout_loops_corners, mainiacjoe_overflow_paths,
          amcnicky_altar_gilded, serial_shops, shop, portal_sewer_entry_b,
          minmay_misc_feat_secret_circle
D:5:      layout_rooms, uniq_blork_the_orc
D:6:      layout_rooms, gammafunk_ghost_abyssal_escape, minmay_crystal_water
D:7:      cheibrodos_wizards_tower, layout_rooms, grunt_gozag_statues,
          minmay_temple_entry_ruins, serial_corexii_hall,
          corexii_hall_statues_x, corexii_hall_statues_u
Temple:   nicolae_temple_god_jail

Skill      XL: |  1  2  3  4  5  6  7  8 |
---------------+-------------------------+-----
Axes           | 3 4 5 6 7 8 9 11 | 11.2
Fighting       | 4 5 |  5.0
Armour         | 4 5 |  5.0
Dodging        | 2 4 |  4.3
Shields        | 4 5 |  5.0
Invocations    | 2 |  2.2

Action                   |  1- 3 |  4- 6 |  7- 9 || total
-------------------------+-------+-------+-------++-------
Melee: War axe           |    75 |   115 |   156 ||   346
       Headbutt          |    11 |    13 |    27 ||    51
Invok: Draw Destruction  |       |       |     1 ||     1
  Use: Scroll            |     1 |       |     2 ||     3
       Potion            |       |       |     1 ||     1
Armor: Scale mail        |    31 |       |       ||    31
       Chain mail        |    14 |    31 |    73 ||   118
Dodge: Dodged            |    26 |    33 |    67 ||   126
Block: Buckler           |    16 |    27 |    28 ||    71

Table legend: (Time is in decaauts)
 A = Elapsed time spent in this place.
 B = Non-inter-level travel time spent in this place.
 C = Inter-level travel time spent in this place.
 D = Time resting spent in this place.
 E = Time spent auto-exploring this place.
 F = Levels seen in this place.
 G = Mean time per level.
                   A        B        C        D        E       F      G
               +--------+--------+--------+--------+--------+-----+--------+
         Total |   6706 |   6054 |    652 |      0 |   4852 |   9 |  745.1 |
       Dungeon |   5350 |   4712 |    638 |      0 |   3837 |   7 |  764.3 |
        Temple |     71 |     57 |     14 |      0 |     50 |   1 |   71.0 |
         Sewer |   1284 |   1284 |      0 |      0 |    965 |   1 | 1284.0 |
               +--------+--------+--------+--------+--------+-----+--------+

Top non-repeatable levels by time:
   Sewer: 1284 daAuts
     D:6: 1107 daAuts
     D:4: 943 daAuts
     D:1: 924 daAuts
     D:3: 782 daAuts
     D:2: 745 daAuts
     D:5: 517 daAuts
     D:7: 330 daAuts
  Temple: 71 daAuts
